 Dungeon Crawl Stone Soup version 0.22.1-2-g9c5b331 (webtiles) character file.

56 Yuikono the Skirmisher (level 3, -1/29 HPs)
             Began as a Demonspawn Abyssal Knight on Dec 19, 2018.
             Was a Believer of Lugonu.
             Slain by Crazy Yiuf
             ... wielding a +2 quarterstaff of chaos
              (12 damage)
             ... on level 2 of the Dungeon.
             The game lasted 00:04:59 (1907 turns).

Yuikono the Skirmisher (Demonspawn Abyssal Knight)  Turns: 1907, Time: 00:05:00

Health: -1/29      AC:  4    Str: 13    XL:     3   Next: 71%
Magic:  5/5        EV: 16    Int: 13    God:    Lugonu [**....]
Gold:   65         SH:  0    Dex: 17    Spells: 2/2 levels left

rFire    . . .     SeeInvis .   a - +1 mace
rCold    . . .     Gourm    .   (no shield)
rNeg     . . .     Faith    .   b - +0 leather armour
rPois    .         Spirit   .   (helmet restricted)
rElec    .         Reflect  .   (no cloak)
rCorr    .         Harm     .   (no gloves)
MR       .....                  n - +0 pair of boots
Stlth    ++........             (no amulet)
HPRegen  0.09/turn              (no ring)
MPRegen  0.09/turn              (no ring)

@: confused, agile, lethally poisoned (-1 -> -8)
A: claws 1, horns 1
a: Depart the Abyss, Bend Space, Renounce Religion


You were on level 2 of the Dungeon.
You worshipped Lugonu.
Lugonu was pleased with you.
You were not hungry.

You visited 1 branch of the dungeon, and saw 2 of its levels.
You visited the Abyss 1 time.

You collected 65 gold pieces.

Inventory:

Hand Weapons
 a - a +1 mace (weapon)
 g - a cursed -1 dagger
 i - a +0 club
 o - a +0 hunting sling
Missiles
 d - 204 stones (quivered)
 m - 3 tomahawks
 r - 32 sling bullets
Armour
 b - a +0 leather armour (worn)
 n - a +0 pair of boots (worn)
Scrolls
 e - a scroll of teleportation {unknown}
 f - 2 scrolls of remove curse {unknown}
 k - a scroll of identify {unknown}
 s - a scroll of fog {unknown}
Potions
 h - a potion of agility
 l - a potion of invisibility {unknown}
 p - a potion of brilliance {unknown}
 q - a potion of mutation {unknown}
Comestibles
 c - 5 rations


   Skills:
 + Level 3.6 Fighting
 + Level 2.6 Maces & Flails
 - Level 1.7 Armour
 - Level 0.8 Dodging
 + Level 3.6 Invocations


You had 2 spell levels left.
You didn't know any spells.
Your spell library was empty.

Dungeon Overview and Level Annotations

Branches:
Dungeon (2/15)

Altars:
Ashenzari

Annotations:
D:2 Crazy Yiuf


Innate Abilities, Weirdness & Mutations

You have sharp fingernails.
You have a pair of small horns on your head.


Message History

It was a potion of agility.
You feel agile all of a sudden. Crazy Yiuf barely misses you.
It was a potion of ambrosia.
You are confused.
You feel invigorated.
* * * LOW HITPOINT WARNING * * *
You feel sick.
Crazy Yiuf laughs, "Tonal!"
Crazy Yiuf barely misses you.
You bump into the rock wall.
* * * LOW HITPOINT WARNING * * *
You feel sick.
You hit Crazy Yiuf.
Crazy Yiuf is severely wounded.
You feel sick.
Crazy Yiuf grits, "Defame!
Aardvark hog illywillydillykilly."
Crazy Yiuf misses you.
Crazy Yiuf hits you with a quarterstaff of chaos!
You die...

####........#
#..#######
#........########
#..#..##.#.......
###.##..##.#.######
##...##..##.#.#
##....##..##.#.#
#....####.##.#.####
#...@# ####......#
#...g# #.........#
#..(##
#.........### ##.##
#....#....... #.##
####.######## ##.#
###########.. #.##
#.........#.# ##g#
########.##.# #'#
#.##.#


You could see Crazy Yiuf.

Vanquished Creatures
  An ooze (D:1)
  A worm (D:2)
  A dart slug (D:1)
  A leopard gecko (D:2)
  5 bats
  2 giant cockroaches
  6 goblins (D:1)
  6 hobgoblins
  7 kobolds
  A quokka (D:2)
  3 frilled lizards
  14 rats
48 creatures vanquished.

Notes
Turn   | Place    | Note
-------+----------+-------------------------------------------
     0 | Abyss:1  | Yuikono the Demonspawn Abyssal Knight began the quest for
                  | the Orb.
     0 | Abyss:1  | Reached XP level 1. HP: 18/18 MP: 2/2
   103 | Abyss:1  | Noticed a small abomination
   105 | Abyss:1  | Noticed a fire bat
   106 | D:1      | Escaped the Abyss
   140 | D:1      | Reached * piety under Lugonu
   192 | D:1      | Gained mutation: You have a pair of small horns on your
                  | head. [demonic ancestry]
   192 | D:1      | Reached XP level 2. HP: 23/24 MP: 4/4
   592 | D:1      | Gained mutation: You have sharp fingernails. [demonic
                  | ancestry]
   592 | D:1      | Reached XP level 3. HP: 29/29 MP: 5/5
  1015 | D:2      | Found a runed door.
  1068 | D:2      | Reached ** piety under Lugonu
  1781 | D:2      | Found a shattered altar of Ashenzari.
  1890 | D:2      | Noticed Crazy Yiuf
  1903 | D:2      | HP: 1/29 [Crazy Yiuf/quarterstaff of chaos (12)]
  1907 | D:2      | Slain by Crazy Yiuf

Skill      XL: |  1  2 |
---------------+-------+-----
Maces & Flails | 2 |  2.6
Invocations    | 3 |  3.6
Fighting       | |  3.6
Armour         | |  1.7
Dodging        | |  0.8

Action                   || total
-------------------------++-------
Melee: Mace              ||   115
       Headbutt          ||    11
 Fire: Hunting sling     ||    11
Throw: Stone             ||     1
Invok: Depart the Abyss  ||     1
  Use: Potion            ||     2
  Eat: Chunk             ||     3
Armor: Leather armour    ||    33
Dodge: Dodged            ||    68
